 Dungeon Crawl Stone Soup version 0.32-a0-132-g2d33c3cfaf (webtiles) character file.

Game seed: 2001465327674013590

859 Newt the Covered (level 8, -4/52 HPs)
             Began as a Gargoyle Fighter on Feb 9, 2024.
             Was an Initiate of Gozag.
             Slain by a gnoll
             ... wielding a +0 halberd
             ... led by a gnoll bouda
              (7 damage)
             ... on level 6 of the Dungeon.
             The game lasted 00:05:40 (4843 turns).

Newt the Covered (Gargoyle Fighter)                 Turns: 4843, Time: 00:05:41

Health: -4/52      AC: 16    Str: 22    XL:     8   Next: 2%
Magic:  8/8        EV:  9    Int:  9    God:    Gozag
Gold:   177        SH:  4    Dex:  9    Spells: 7/7 levels left

rFire   . . .        a - +0 flail
rCold   . . .        c - +0 buckler
rNeg    + + .        b - +0 scale mail
rPois   ∞            j - +1 helmet
rElec   +            (no cloak)
rCorr   .            (no gloves)
SInv    .            k - +0 pair of boots
Will    .....        e - amulet of the acrobat Stlth
                     r - ring of positive energy
HPRegen 0.28/turn    (no ring)
MPRegen 0.11/turn

%: acrobat
@: mighty
A: sickness immunity, AC +5, negative energy resistance 1, electricity
resistance, torment resistance 1, petrification resistance
a: Renounce Religion, Potion Petition, Call Merchant, Bribe Branch


You were on level 6 of the Dungeon.
You worshipped Gozag.
Gozag was aware of your devotion.
You visited 2 branches of the dungeon, and saw 7 of its levels.
You also visited: Sewer.

You collected 281 gold pieces.
You paid 104 gold pieces to Gozag.

Inventory:

Hand Weapons
 a - a +0 flail (weapon)
 u - a +1 heavy war axe
Missiles
 t - 3 throwing nets (quivered)
Armour
 b - a +0 scale mail (worn)
 c - a +0 buckler (worn)
 j - a +1 helmet (worn)
 k - a +0 pair of boots (worn)
Jewellery
 e - an amulet of the acrobat (around neck)
 r - a ring of positive energy (left hand)
Wands
 v - a wand of quicksilver (4)
Scrolls
 f - a scroll of enchant armour
 g - a scroll of revelation {unknown}
 h - a scroll of vulnerability {unknown}
 l - a scroll of blinking
 o - a scroll of fog {unknown}
 p - 2 scrolls of teleportation
 q - a scroll of identify {unknown}
 s - a scroll of fear {unknown}
Potions
 i - 2 potions of curing {unknown}
 m - a potion of brilliance {unknown}
 n - a potion of cancellation {unknown}
 w - a potion of magic {unknown}
 x - 2 potions of heal wounds
 z - a potion of attraction {unknown}
 A - 2 potions of haste {unknown}
 B - a potion of resistance
 C - a potion of enlightenment {unknown}


   Skills:
 + Level 6.4 Fighting
 - Level 5.2 Maces & Flails
 * Level 6.5 Armour
 - Level 3.2 Shields


You had 7 spell levels left.
You didn't know any spells.
Your spell library contained the following spells:

 Spells                   Type           Power      Damage    Failure   Level
 Gell's Gravitas          Tloc           0%         N/A       98%         3
 Teleport Other           Tloc           0%         N/A       98%         3
 Summon Blazeheart Golem  Fire/Summ      0%         N/A       100%        4
 Dispersal                Tloc           0%         N/A       100%        6
 Orb of Destruction       Conj           0%         9d5       100%        7
 Spellforged Servitor     Conj/Summ      0%         N/A       100%        7


Dungeon Overview and Level Annotations

Branches:
Dungeon (6/15)             Temple (1/1) D:6           Sewer (visited)

Altars:
Ashenzari
Cheibriados
Dithmenos
Elyvilon
Fedhas
Gozag
Hepliaklqana
Makhleb
Nemelex Xobeh
Ru
Sif Muna
Trog
Xom
Zin
The Shining One

Annotations:
D:5 2 transporters


Innate Abilities, Weirdness & Mutations

You are immune to sickness and miasma.
Your stone body is resilient. (AC +5)
You are immune to poison.
You resist negative energy. (rN+)
You are resistant to electric shocks. (rElec)
You are resistant to unholy torment.
You are immune to petrification.


Message History

Unknown command.
You hit the gnoll bouda.
The gnoll bouda is almost dead.
The gnoll closely misses you. The gnoll barely misses you.
The gnoll bouda hits you with a +0 club!
The gnoll barely misses you.
You are too injured to fight recklessly!
Unknown command.
You feel very mighty all of a sudden. The gnoll closely misses you.
The gnoll hits you from afar with a +0 halberd.
The gnoll bouda utters an invocation to its god.
The gnoll bouda is healed somewhat.
The gnoll barely misses you.
You hit the gnoll bouda.
The gnoll bouda is severely wounded.
The gnoll is no longer moving quickly.
The gnoll hits you with a +0 club.
The gnoll hits you from afar with a +0 halberd.
* * * LOW HITPOINT WARNING * * *
The gnoll bouda barks out a call to the hunt!
The gnoll picks up the pace!
You block the gnoll's attack.
You barely miss the gnoll bouda.
The gnoll bouda is severely wounded.
The gnoll is no longer moving quickly.
The gnoll hits you but does no damage.
The gnoll hits you from afar with a +0 halberd.
* * * LOW HITPOINT WARNING * * *
The gnoll bouda barely misses you. The gnoll hits you but does no damage.
The gnoll hits you from afar with a +0 halberd.
* * * LOW HITPOINT WARNING * * *
You block the gnoll's attack.
Your attacks no longer feel as feeble.
The gnoll bouda barks out a call to the hunt!
The gnoll picks up the pace!
The gnoll attacks as it pursues you! You block the gnoll's attack.
The gnoll closely misses you. The gnoll barely misses you.
You hear a shout!
There is a staircase to the Ecumenical Temple here.
The gnoll hits you from afar with a +0 halberd!
You die...
Your body crumbles into a pile of gold.

##################
#○......○○........
#☼......☼.○.......
#..°..°°°..°..○...
#.................
#.................
#..............☼..
#gg...............
#@gg..............
#.................
#.................
#°............○...
#....○.........○..
#...°☼○.........○.
#....°....○..°..○.
#......☼○.○.......
#####


You could see a gnoll bouda and 3 gnolls.

Vanquished Creatures
  An ice beast (D:6)
  A black bear (D:5)
  Pargi (Sewer)
  Blork the orc (D:4)
  A brain worm (Sewer)
  A scorpion (D:4)
  A jelly (Sewer)
  2 hounds (D:4)
  2 bombardier beetles (D:5)
  2 iguanas (D:5)
  3 gnolls (D:3)
  7 adders
  3 dart slugs
  A ribbon worm (D:3)
  6 orcs
  5 bats
  4 endoplasms
  7 giant cockroaches
  4 goblins
  11 hobgoblins
  4 quokkas
  6 ball pythons
  7 frilled lizards
  12 kobolds
  6 rats
99 creatures vanquished.

Notes
Turn   | Place    | Note
-------+----------+-------------------------------------------
     0 | D:1      | Newt the Gargoyle Fighter began the quest for the Orb.
     0 | D:1      | Reached XP level 1. HP: 14/14 MP: 1/1
   413 | D:1      | Reached XP level 2. HP: 16/19 MP: 2/2
  1060 | D:2      | Reached XP level 3. HP: 17/24 MP: 3/3
  1842 | D:3      | Reached XP level 4. HP: 29/29 MP: 4/4
  2054 | D:3      | Found a glowing drain.
  2058 | Sewer    | Entered a sewer
  2148 | Sewer    | Noticed a brain worm
  2154 | Sewer    | Killed a brain worm
  2155 | Sewer    | Reached XP level 5. HP: 30/34 MP: 3/5
  2184 | Sewer    | Noticed Pargi
  2192 | Sewer    | Killed Pargi
  2193 | Sewer    | Reached skill level 5 in Fighting
  2193 | Sewer    | Reached skill level 5 in Maces & Flails
  2193 | Sewer    | Reached XP level 6. HP: 31/40 MP: 6/6
  3008 | D:4      | Noticed Blork the orc
  3018 | D:4      | Killed Blork the orc
  3019 | D:4      | Reached XP level 7. HP: 14/44 MP: 7/7
  3540 | D:5      | Entered Level 5 of the Dungeon
  3573 | D:5      | Reached skill level 5 in Armour
  3795 | D:5      | Found a transporter.
  3992 | D:5      | Found a transporter.
  4581 | D:6      | Reached XP level 8. HP: 37/52 MP: 8/8
  4714 | D:6      | Found a staircase to the Ecumenical Temple.
  4769 | Temple   | Entered the Ecumenical Temple
  4798 | Temple   | Became a worshipper of Gozag Ym Sagoz the Greedy
  4841 | D:6      | HP: 2/52 [gnoll/+0 halberd[a gnoll bouda] (5)]
  4843 | D:6      | Slain by a gnoll

Illustrated notes

Levels and vault maps discovered:
D:1:      lemuel_arrival_rhombus, layout_loops_corners
D:2:      layout_loops_ring, hangedman_abyss_or_decor_stabs,
          hangedman_decor_push, lexackson_kobold_supper
D:3:      layout_loops_ring, gup_sewer_entry_bowl, kennysheep_generic_room_4
D:4:      layout_rooms, uniq_blork_the_orc
D:5:      gammafunk_cloud_chamber, layout_basic, amcnicky_mini_pool_medium
D:6:      layout_cave_pools, mainiacjoe_overflow_surrounded_room,
          dk_yredelemnul_ordeal, lemuel_temple_firewalk_b,
          nicolae_elemental_shop, minivault_19,
          serial_library_hellmonk_open_square, uniq_grinder
Temple:   regret_index_temple_waves

Skill      XL: |  1  2  3  4  5  6  7 |
---------------+----------------------+-----
Maces & Flails | 3 4 5 |  5.2
Fighting       | 4 5 6 |  6.4
Armour         | 4 6 |  6.5
Shields        | |  3.2

Action                     |  1- 3 |  4- 6 |  7- 9 || total
---------------------------+-------+-------+-------++-------
  Melee: Flail             |   121 |   125 |   138 ||   384
  Throw: Throwing net      |       |     1 |       ||     1
    Use: Scroll            |     1 |     2 |       ||     3
         Potion            |       |       |     2 ||     2
 Armour: Scale mail        |    67 |    80 |   110 ||   257
  Dodge: Dodged            |    76 |    46 |    71 ||   193
  Block: Buckler           |    27 |    30 |    28 ||    85

Table legend: (Time is in decaauts)
 A = Elapsed time spent in this place.
 B = Non-inter-level travel time spent in this place.
 C = Inter-level travel time spent in this place.
 D = Time resting spent in this place.
 E = Time spent auto-exploring this place.
 F = Levels seen in this place.
 G = Mean time per level.
                   A        B        C        D        E       F      G
               +--------+--------+--------+--------+--------+-----+--------+
         Total |   4936 |   4776 |    160 |    610 |   3175 |   8 |  617.0 |
       Dungeon |   4650 |   4547 |    103 |    610 |   3022 |   6 |  775.0 |
        Temple |     58 |      1 |     57 |      0 |      0 |   1 |   58.0 |
         Sewer |    226 |    226 |      0 |      0 |    153 |   1 |  226.0 |
               +--------+--------+--------+--------+--------+-----+--------+

Top non-repeatable levels by time:
     D:5: 1025 daAuts
     D:1: 941 daAuts
     D:3: 896 daAuts
     D:2: 861 daAuts
     D:4: 686 daAuts
     D:6: 239 daAuts
   Sewer: 226 daAuts
  Temple: 58 daAuts
